Map: Flooded City

Players

Odin

  • Race: Protoss Protoss
  • League: Gold
  • Spawn Location: 12:00

A.I. 1 (Elite) - Winner!

  • Race: Terran Terran
  • Spawn Location: 6:00

A.I. 2 (Elite) - Winner!

  • Race: Protoss Protoss
  • Spawn Location: 6:00

VOD

Have the link to the VOD?

Description

Time

  • Played on: Dec. 13, 2018, 11:16 p.m.
  • Length: 1:17
Show
View Real Time Build Order
Export as new Build Order

Odin Protoss 

Build Orders:  

Get SALT Encoding   

  12  0:01  Probe  
  13  0:13  Pylon  
  13  0:18  Probe  
  13  0:28  Probe  
  15  0:37  Forge  
  15  0:59  Pylon  
  15  1:04  Pylon  
  15  1:05  Pylon  
Show
View Real Time Build Order
Export as new Build Order

A.I. 1 (Elite) Terran - Winner!

Build Orders:  

Get SALT Encoding   

  12  0:00  SCV  
  13  0:13  SCV  
  14  0:20  Supply Depot  
  14  0:25  SCV  
  15  0:41  SCV  
  16  0:45  Barracks  
  16  0:53  SCV  
Show
View Real Time Build Order
Export as new Build Order

A.I. 2 (Elite) Protoss - Winner!

Build Orders:  

Get SALT Encoding   

  12  0:01  Probe  
  13  0:13  Probe  
  14  0:21  Pylon  
  14  0:25  Probe  
  15  0:35  Probe  
  16  0:43  Gateway, Probe  
  17  0:50  Assimilator  
  17  0:52  Probe  
  18  1:00  Probe  
  18  1:03  Pylon  
Tags
 
Add a new tag
Caveats
  • Supply blocks, unpowered buildings, or Contaminate may cause inaccurate times.
  • Supply counts are checked every 10 seconds.